 Dungeon Crawl Stone Soup version 0.26-a0-642-g67e99244d3 (webtiles) character file.

Game seed: 10435410080180145385

126 puszystypenetrator the Grave Robber (level 4, -4/30 HPs)
             Began as a Demonspawn Necromancer on Sept 21, 2020.
             Was a Follower of Ashenzari.
             Slain by Menkaure (13 damage)
             ... on level 4 of the Dungeon.
             The game lasted 00:15:29 (3496 turns).

puszystypenetrator the Grave Robber (DsNe)          Turns: 3496, Time: 00:15:30

Health: -4/30      AC:  6    Str:  8    XL:     4   Next: 84%
Magic:  7/8        EV: 13    Int: 17    God:    Ashenzari [*.....]
Gold:   248        SH:  0    Dex: 14    Spells: 1/8 levels left

rFire    . . .     SeeInvis .   d - +0 short sword (elec) (curse)
rCold    . . .     Faith    .   (no shield)
rNeg     . . .     Spirit   .   a - +0 robe (curse)
rPois    .         Reflect  .   (no helmet)
rElec    .         Harm     .   (no cloak)
rCorr    .         Rampage  .   (no gloves)
MR       .....                  (no boots)
Stlth    ++........             (no amulet)
HPRegen  0.10/turn              b - +4 ring of protection
MPRegen  0.11/turn              (no ring)

@: no status effects
A: rot immunity
a: Curse Item, Scrying, Renounce Religion


You were on level 4 of the Dungeon.
You worshipped Ashenzari.
Ashenzari was aware of your devotion.
You visited 2 branches of the dungeon, and saw 5 of its levels.

You collected 248 gold pieces.

Inventory:

Hand Weapons
 d - a cursed +0 short sword of electrocution (weapon)
 i - a +0 club
Missiles
 f - 15 sling bullets (quivered)
Armour
 a - a cursed +0 robe (worn)
 j - a +1 scale mail of cold resistance
 n - a cursed +0 plate armour
Jewellery
 b - a +4 ring of protection (left hand)
Wands
 g - a wand of digging (2)
Scrolls
 c - 2 scrolls of teleportation {unknown}
 e - 2 scrolls of magic mapping
 h - a scroll of identify
Potions
 k - a potion of haste {unknown}
 l - a potion of cancellation {unknown}
 m - a potion of curing {unknown}


   Skills:
 + Level 0.2 Fighting
 + Level 0.2 Short Blades
 * Level 2.6 Dodging
 - Level 1.8 Stealth
 * Level 2.9 Spellcasting
 * Level 1.2 Summonings
 * Level 5.4 Necromancy


You had one spell level left.
You knew the following spells:

 Your Spells              Type           Power        Failure   Level
a - Pain                  Necr           ###.         1%          1
b - Animate Skeleton      Necr           ###...       1%          1
c - Vampiric Draining     Necr           ###.......   6%          3
d - Summon Small Mammal   Summ           #...         11%         1
e - Corona                Hex            #......      17%         1

Your spell library contained the following spells:

 Spells                   Type           Power        Failure   Level
 Apportation              Tloc           #.....       19%         1
 Animate Dead             Necr           ###.......   19%         4
 Agony                    Necr           ###.....     47%         5


Dungeon Overview and Level Annotations

Branches:
Dungeon (4/15)             Temple (1/1) D:4

Altars:
Ashenzari
Cheibriados
Dithmenos
Elyvilon
Fedhas
Gozag
Hepliaklqana
Kikubaaqudgha
Makhleb
Nemelex Xobeh
Qazlal
Ru
Trog
Uskayaw
Vehumet
Wu Jian
Xom
Yredelemnul
Zin
The Shining One

Annotations:
D:4 Menkaure


Innate Abilities, Weirdness & Mutations

You are immune to rotting.


Message History

Casting: Pain (safe; 1% risk of failure)
Confirm with . or Enter, or press ? or * to list all spells.
Aiming: Corona (safe; 17% risk of failure)
Press: ? - help, Shift-Dir - straight line, f - Menkaure
Aim: Menkaure (dormant, chance to defeat MR: 35%) Menkaure shouts!
Menkaure is outlined in light.
Casting: Corona (safe; 17% risk of failure)
Confirm with . or Enter, or press ? or * to list all spells.
Aiming: Vampiric Draining (dangerous; 6% risk of failure)
Press: ? - help, Shift-Dir - straight line, f/p - Menkaure
Aim: Menkaure (softly glowing)
You can't drain life from that!
Menkaure hits you!!
Ouch! That really hurt!
* * * LOW HITPOINT WARNING * * *
You hit Menkaure but do no damage. Lightning courses through Menkaure!
Menkaure is severely damaged.
Menkaure hits you!
You die...

##############
#............#
#.##########.# #.#
#.# #.## #.#
...#########.#####
.#bb............@#
...#########.###M#
#.## #.# #.# #.#
#.# #.# #.# ...
#.# #.# ... #..
..# #.[. ### ###
###


You could see Menkaure (corona).

Vanquished Creatures
  A hound (D:4)
  3 adders
  A leopard gecko (D:2)
  4 giant cockroaches
  4 hobgoblins
  5 jackals
  2 quokkas
  A ball python (D:4)
  5 bats
  3 frilled lizards
  4 goblins
  5 kobolds
  A rat (D:2)
39 creatures vanquished.

Vanquished Creatures (collateral kills)
  Ijyb (D:3)
  A worm (D:3)
2 creatures vanquished.

Vanquished Creatures (others)
  2 plants (D:2)
2 creatures vanquished.

Grand Total: 43 creatures vanquished

Notes
Turn   | Place    | Note
-------+----------+-------------------------------------------
     0 | D:1      | puszystypenetrator the Demonspawn Necromancer began the
                  | quest for the Orb.
     0 | D:1      | Reached XP level 1. HP: 13/13 MP: 3/3
    47 | D:1      | Learned a level 1 spell: Animate Skeleton
   567 | D:2      | Gained mutation: You are immune to rotting. [demonic
                  | ancestry]
   567 | D:2      | Reached XP level 2. HP: 15/19 MP: 1/5
   815 | D:2      | Reached skill level 5 in Necromancy
   817 | D:2      | Reached XP level 3. HP: 12/24 MP: 1/6
  1249 | D:2      | Learned a level 3 spell: Vampiric Draining
  1376 | D:2      | Learned a level 1 spell: Summon Small Mammal
  1396 | D:2      | Found an opulent altar of Gozag.
  1408 | D:2      | Found a sacrificial altar of Ru.
  1413 | D:2      | Found a shattered altar of Ashenzari.
  1417 | D:2      | Became a worshipper of Ashenzari the Shackled
  1887 | D:3      | Learned a level 1 spell: Corona
  1972 | D:3      | Reached skill level 1 in Summonings
  2307 | D:3      | Found a glowing silver altar of Zin.
  2348 | D:3      | Reached * piety under Ashenzari
  2350 | D:3      | Noticed Ijyb
  2383 | D:3      | Killed Ijyb
  2383 | D:3      | Reached XP level 4. HP: 13/30 MP: 2/7
  2912 | D:3      | Found a basalt altar of Yredelemnul.
  3130 | D:4      | Found a staircase to the Ecumenical Temple.
  3157 | Temple   | Entered the Ecumenical Temple
  3493 | D:4      | Noticed Menkaure
  3496 | D:4      | Slain by Menkaure

Illustrated notes

Levels and vault maps discovered:
D:1:      giann_wishing_wells, layout_rooms
D:2:      cheibrodos_old_hovel, layout_loops_ring, grunt_temple_overflow_diamond
D:3:      layout_basic, nicolae_overflow_hidden_temple, uniq_ijyb
D:4:      layout_loops_ring, minmay_temple_entry_butterflies, serial_shops,
          nicolae_shop_competitors_out_of_business, uniq_menkaure
Temple:   regret_index_temple_generic_petals

Skill      XL: |  1  2  3 |
---------------+----------+-----
Necromancy     | 5 |  5.4
Summonings     | 1 |  1.2
Dodging        | 2 |  2.6
Fighting       | |  0.2
Short Blades   | |  0.2
Stealth        | |  1.8
Spellcasting   | |  2.9

Action                   |  1- 3 |  4- 6 || total
-------------------------+-------+-------++-------
Melee: Short sword       |    72 |    16 ||    88
 Cast: Pain              |    37 |     8 ||    45
       Summon Small Mamm |     5 |       ||     5
       Corona            |     2 |     1 ||     3
       Animate Skeleton  |       |     2 ||     2
Invok: Curse Item        |     2 |       ||     2
       Scrying           |       |     1 ||     1
  Use: Potion            |     7 |       ||     7
       Scroll            |     6 |       ||     6
 Stab: Sleeping          |     1 |       ||     1
Armor: Robe              |    38 |     2 ||    40
       Skin              |     3 |       ||     3
Dodge: Dodged            |    83 |     9 ||    92

Table legend: (Time is in decaauts)
 A = Elapsed time spent in this place.
 B = Non-inter-level travel time spent in this place.
 C = Inter-level travel time spent in this place.
 D = Time resting spent in this place.
 E = Time spent auto-exploring this place.
 F = Levels seen in this place.
 G = Mean time per level.
                   A        B        C        D        E       F      G
               +--------+--------+--------+--------+--------+-----+--------+
         Total |   3515 |   3515 |      0 |    863 |   1443 |   5 |  703.0 |
       Dungeon |   3219 |   3219 |      0 |    863 |   1319 |   4 |  804.8 |
        Temple |    295 |    295 |      0 |      0 |    124 |   1 |  295.0 |
               +--------+--------+--------+--------+--------+-----+--------+

Top non-repeatable levels by time:
     D:2: 1283 daAuts
     D:3: 1161 daAuts
     D:1: 584 daAuts
  Temple: 295 daAuts
     D:4: 189 daAuts
